 Dungeon Crawl Stone Soup version 0.18.1-48-g4cf74bf (webtiles) character file.

104 Karisi the Magician (level 4, 0/24 HPs)
             Began as a Deep Elf Fire Elementalist on Aug 25, 2016.
             Slain by Sigmund
             ... wielding a +0 scythe
              (9 damage)
             ... on level 2 of the Dungeon.
             The game lasted 00:15:18 (2517 turns).

Karisi the Magician (Deep Elf Fire Elementalist)    Turns: 2517, Time: 00:15:18

Health: 0/24       AC:  2    Str:  5    XL:     4   Next: 52%
Magic:  12/12      EV: 13    Int: 21    God:
Gold:   146        SH:  0    Dex: 15    Spells: 4 memorised, 1 level left

rFire  . . .     SeeInvis .     d - +0 dagger (venom)
rCold  . . .     Gourm    .     a - +0 robe
rNeg   . . .     Faith    .     (no shield)
rPois  .         Spirit   .     (no helmet)
rElec  .         Dismiss  .     (no cloak)
rCorr  .         Reflect  .     (no gloves)
SustAt .         Harm     .     (no boots)
MR     .....                    (no amulet)
Stlth  ++........               (no ring)
                                l - ring of wizardry

@: about to teleport, not resistant to hostile enchantments, unstealthy
A: no striking features
a: no special abilities


You were on level 2 of the Dungeon.
You were not hungry.

You visited 1 branch of the dungeon, and saw 2 of its levels.

You collected 146 gold pieces.

Inventory:

Hand Weapons
 d - a +0 dagger of venom (weapon)
 e - a +2 dagger of pain
Armour
 a - a +0 robe (worn)
Jewellery
 l - a ring of wizardry (left hand)
Scrolls
 f - a scroll of amnesia
 h - 2 scrolls of immolation
 i - a scroll of noise {unknown}
 m - a scroll of random uselessness {unknown}
Potions
 k - a potion of flight {unknown}
 n - a potion of lignification {unknown}
 o - a potion of haste {unknown}
Books
 b - a book of Flames

   Spells                             Type                      Level
   a - Flame Tongue                   Conjuration/Fire             1
   b - Throw Flame                    Conjuration/Fire             2
   c - Conjure Flame                  Conjuration/Fire             3
   d - Inner Flame                    Hexes/Fire                   3
   e - Sticky Flame                   Conjuration/Fire             4
   f - Fireball                       Conjuration/Fire             5
Comestibles
 c - 2 bread rations


   Skills:
 + Level 3.4 Dodging
 + Level 3.1 Stealth
 + Level 4.2 Spellcasting
 + Level 1.5 Conjurations
 + Level 4.2 Fire Magic


You had one spell level left.
You knew the following spells:

 Your Spells              Type           Power        Failure   Level  Hunger
a - Flame Tongue          Conj/Fire      ###..        1%          1    None
b - Throw Flame           Conj/Fire      ###...       3%          2    #......
c - Conjure Flame         Conj/Fire      ###.....     6%          3    ###....
d - Sticky Flame          Conj/Fire      ###.....     17%         4    ####...


Dungeon Overview and Level Annotations

Branches:
Dungeon (2/15)

Altars:
Fedhas

Annotations:
D:2 Sigmund


Message History

Sigmund shouts!
Sigmund casts a spell at you. You resist with some effort.
Sigmund hits you from afar with a scythe!
Ouch! That really hurt!
Sigmund casts a spell at you. The magic dart hits you! Sigmund misses you.
Sigmund casts a spell at you.
You are confused.
Sigmund flickers, as though insubstantial.
You're too confused!
Sigmund barely misses you. Sigmund closely misses you.
You feel less confused.
Read which item? (? for menu, Esc to quit)
As you read the scroll of teleportation, it crumbles to dust.
You feel strangely unstable. Sigmund closely misses you.
Sigmund hits you from afar with a scythe!
You die...

#.###..................#
# #.....##...#.#...####
#.##.###.##......#..#
...# #........##..#
###.###............#
#####..(.).......##)##
#........#....@..##.#
#.######.##.....###)#
##.## #.###.@.## #.#
##...## #.......# #.#
##.....###############.#
.....)....(............#
##.....#################
......## ####### # #


You could see Sigmund.

Vanquished Creatures
  Ijyb (D:2)
  3 adders (D:2)
  An ooze (D:2)
  A worm (D:2)
  A dart slug (D:2)
  A giant gecko (D:2)
  A ball python (D:2)
  4 bats
  3 giant cockroaches (D:2)
  6 goblins
  7 hobgoblins
  A jackal (D:2)
  4 kobolds
  A quokka (D:2)
  A giant newt (D:1)
  5 rats
41 creatures vanquished.

Vanquished Creatures (others)
  9 fungi (D:2)
9 creatures vanquished.

Grand Total: 50 creatures vanquished

Notes
Turn   | Place    | Note
--------------------------------------------------------------
     0 | D:1      | Karisi the Deep Elf Fire Elementalist began the quest for the Orb.
     0 | D:1      | Reached XP level 1. HP: 10/10 MP: 6/6
   339 | D:1      | Reached XP level 2. HP: 15/15 MP: 5/8
  1038 | D:2      | Learned a level 2 spell: Throw Flame
  1480 | D:2      | Reached XP level 3. HP: 19/19 MP: 0/10
  1899 | D:2      | Noticed Sigmund
  2073 | D:2      | Reached XP level 4. HP: 23/24 MP: 9/12
  2191 | D:2      | Learned a level 3 spell: Conjure Flame
  2196 | D:2      | Learned a level 4 spell: Sticky Flame
  2232 | D:2      | Noticed Ijyb
  2248 | D:2      | Killed Ijyb
  2469 | D:2      | Found a blossoming altar of Fedhas.
  2517 | D:2      | Slain by Sigmund

Skill      XL: |  1  2  3 |
---------------+----------+-----
Stealth        | 3 |  3.1
Spellcasting   | 4 |  4.2
Fire Magic     | 4 |  4.2
Dodging        | 3 |  3.4
Conjurations   | |  1.5

Action                   |  1- 3 |  4- 6 || total
-------------------------+-------+-------++-------
Melee: Dagger            |    33 |    12 ||    45
 Cast: Flame Tongue      |    22 |    16 ||    38
       Throw Flame       |    28 |     1 ||    29
       Conjure Flame     |       |     1 ||     1
  Use: Scroll            |     7 |     1 ||     8
       Potion            |       |     1 ||     1
 Stab: Sleeping          |     1 |       ||     1
  Eat: Bread ration      |     1 |       ||     1
       Beef jerky        |       |     1 ||     1
Armor: Robe              |     6 |       ||     6
Dodge: Dodged            |    35 |    16 ||    51
